 Dungeon Crawl Stone Soup version 0.23.2-40-g277498a001 (webtiles) character file.

Game seed: 12331579595292805236

4 Felnil the Caller (level 1, -2/13 HPs)
             Began as a Gnoll Summoner on Aug 14, 2019.
             Slain by a jackal (3 damage)
             ... on level 1 of the Dungeon.
             The game lasted 00:01:54 (843 turns).

Felnil the Caller (Gnoll Summoner)                   Turns: 843, Time: 00:01:54

Health: -2/13      AC:  2    Str: 10    XL:     1   Next: 60%
Magic:  2/6        EV: 14    Int: 21    God:
Gold:   7          SH:  0    Dex: 15    Spells: 8/9 levels left

rFire    . . .     SeeInvis .   (no weapon)
rCold    . . .     Gourm    .   (no shield)
rNeg     . . .     Faith    .   a - +0 robe
rPois    .         Spirit   .   (no helmet)
rElec    .         Reflect  .   (no cloak)
rCorr    .         Harm     .   (no gloves)
MR       .....                  (no boots)
Stlth    +++.......             (no amulet)
HPRegen  0.04/turn              b - +4 ring of intelligence
MPRegen  0.10/turn              (no ring)

@: very slightly contaminated
A: distributed training, fangs 1, strong nose
a: no special abilities


You were on level 1 of the Dungeon.
You were not hungry.

You visited 1 branch of the dungeon, and saw 2 of its levels.

You collected 7 gold pieces.

Inventory:

Armour
 a - a +0 robe (worn)
Jewellery
 b - a +4 ring of intelligence (left hand)
Scrolls
 d - a scroll of enchant armour {unknown}
 e - 2 scrolls of identify {unknown}
 i - a scroll of blinking {unknown}
Potions
 f - a potion of brilliance {unknown}
 g - a potion of lignification {unknown}
 h - a potion of resistance {unknown}
Comestibles
 c - 3 rations


   Skills:
 + Level 0.0 Fighting
 + Level 0.0 Short Blades
 + Level 0.0 Long Blades
 + Level 0.0 Axes
 + Level 0.0 Maces & Flails
 + Level 0.0 Polearms
 + Level 0.0 Staves
 + Level 0.0 Slings
 + Level 0.0 Bows
 + Level 0.0 Crossbows
 + Level 0.0 Throwing
 + Level 0.0 Armour
 + Level 4.4 Dodging
 + Level 4.0 Stealth
 + Level 0.0 Shields
 + Level 0.0 Unarmed Combat
 + Level 4.8 Spellcasting
 + Level 0.0 Conjurations
 + Level 0.0 Hexes
 + Level 0.0 Charms
 + Level 7.0 Summonings
 + Level 0.0 Necromancy
 + Level 0.0 Translocations
 + Level 0.0 Transmutations
 + Level 0.0 Fire Magic
 + Level 0.0 Ice Magic
 + Level 0.0 Air Magic
 + Level 0.0 Earth Magic
 + Level 0.0 Poison Magic
 + Level 0.1 Invocations
 + Level 0.0 Evocations


You had 8 spell levels left.
You knew the following spells:

 Your Spells              Type           Power        Failure   Level  Hunger
a - Summon Small Mammal   Summ           ####         1%          1    None

Your spell library contained the following spells:

 Spells                   Type           Power        Failure   Level  Hunger
 Call Imp                 Summ           ####....     1%          2    None
 Call Canine Familiar     Summ           ####....     1%          3    ##.....
 Summon Guardian Golem    Hex/Summ       ###.....     8%          3    ##.....
 Summon Ice Beast         Ice/Summ       ###.....     26%         4    ####...
 Summon Lightning Spire   Summ/Air       ###.....     26%         4    ####...


Dungeon Overview and Level Annotations

Branches:
Dungeon (2/15)

Altars:


Innate Abilities, Weirdness & Mutations

Your experience applies equally to all skills.
You have very sharp teeth.
Your uncanny sense of smell can sniff out nearby items.


Message History

Your bat barely misses the kobold.
The kobold misses you.
Your quokka bites the jackal.
The jackal bites you.
* * * LOW HITPOINT WARNING * * *
The jackal bites you.
* * * LOW HITPOINT WARNING * * *
Your quokka bites the jackal.
You climb upwards.
Your summoned ally is left behind.
There is a stone staircase leading down here.
You closely miss the kobold. The jackal misses you.
The jackal closely misses you. The kobold closely misses you.
The jackal misses you. x2
You hit the kobold.
The kobold is moderately wounded.
The kobold misses you. The jackal bites you.
* * * LOW HITPOINT WARNING * * *
The jackal misses you.
You closely miss the kobold.
The kobold is moderately wounded.
The jackal barely misses you. The jackal bites you.
You die...

#.#.# #.# #..#.......#
#.#.###.# #..#.......#
#.#..##.# #..#.......#
#.##.##.# #..#.......#
####### #.##..#.#
#..#.......# ......#
#.###.#.#####..#.......#
......#
#..............#.......#
......#
######.h######.#.####.##
...#### #h@K......#.# #.##
...# ###########.# #.## ...#
####### #.# #.## ...#
#.....# #.####.## ...#
#.....#######.##..... ####
#.............##.....
#.............##.....
############................
#..........#.........##.....


You could see 2 jackals and a kobold.

Vanquished Creatures (collateral kills)
  A giant cockroach (D:1)
  A hobgoblin (D:2)
  2 bats (D:1)
  2 frilled lizards (D:1)
6 creatures vanquished.

Notes
Turn   | Place    | Note
-------+----------+-------------------------------------------
     0 | D:1      | Felnil the Gnoll Summoner began the quest for the Orb.
     0 | D:1      | Reached XP level 1. HP: 13/13 MP: 6/6
   843 | D:1      | Slain by a jackal

Action                   || total
-------------------------++-------
Melee: Unarmed           ||     6
 Cast: Summon Small Mamm ||    25
Armor: Robe              ||     7
Dodge: Dodged            ||    39
